 Dungeon Crawl Stone Soup version 0.29.0-4-gdea44cf6ec (webtiles) character file.

Game seed: 15712238199236062995

30 qw the Ruffian (level 3, -10/28 HPs)
             Began as a Ghoul Fire Elementalist on Aug 29, 2022.
             Mangled by a gnoll
             ... wielding a +0 flail
              (11 damage)
             ... on level 2 of the Dungeon.
             The game lasted 00:01:18 (1818 turns).

qw the Ruffian (Ghoul Fire Elementalist)            Turns: 1818, Time: 00:01:19

Health: -10/28     AC:  3    Str: 13    XL:     3   Next: 20%
Magic:  0/4        EV: 11    Int: 10    God:
Gold:   97         SH:  0    Dex:  9    Spells: 4/5 levels left

rFire   . . .      SeeInvis .     - Unarmed
rCold   + . .      Faith    .   (no shield)
rNeg    + + +      Spirit   +   f - +0 leather armour
rPois   inf        Reflect  .   (no helmet)
rElec   .          Harm     .   (no cloak)
rCorr   .          Rampage  .   (no gloves)
Will    .....                   (no boots)
Stlth   +.........              g - amulet of guardian spirit
HPRegen 0.00/turn               (no ring)
MPRegen 0.09/turn               (no ring)

@: inhibited regen
A: claws 1, cold resistance 1, negative energy resistance 3, inhibited
regeneration, torment resistance 2, devour on kill
a: no special abilities


You were on level 2 of the Dungeon.
You visited 1 branch of the dungeon, and saw 2 of its levels.

You collected 97 gold pieces.


Innate Abilities, Weirdness & Mutations

You are immune to poison.
You have sharp fingernails.
Your flesh is cold resistant. (rC+)
You are immune to negative energy. (rN+++)
You do not regenerate when monsters are visible.
You are immune to unholy pain and torment.
You thrive by killing the living.


   Skills:
 - Level 1.0 Fighting
 - Level 1.7 Dodging
 - Level 2.1 Stealth
 + Level 2.7 Unarmed Combat
 - Level 1.7 Spellcasting
 - Level 0.7 Conjurations
 - Level 2.4 Fire Magic


You had 4 spell levels left.
You knew the following spells:

 Your Spells              Type           Power      Damage    Failure   Level
a - Foxfire               Conj/Fire      16%        2x1d4     22%         1

Your spell library contained the following spells:

 Spells                   Type           Power      Damage    Failure   Level
 Scorch                   Fire           10%        2d5       22%         2
 Conjure Flame            Conj/Fire      4%         6-21      54%         3
 Inner Flame              Hex/Fire       3%         N/A       58%         3
 Flame Wave               Conj/Fire      4%         2d5       91%         4

Inventory:

Armour
 f - a +0 leather armour (worn)
Jewellery
 g - an amulet of guardian spirit (around neck)
Scrolls
 a - a scroll of amnesia {unknown}
 h - a scroll of identify
Potions
 b - a potion of curing {unknown}
 e - a potion of flight {unknown}
 i - a potion of resistance {unknown}

Dungeon Overview and Level Annotations

Branches:
Dungeon (2/15)

Altars:


Message History

You scratch the endoplasm.
The endoplasm is moderately wounded.
The endoplasm hits you but does no damage.
You claw the endoplasm!
You kill the endoplasm!
A gnoll comes into view. It is wielding a +0 flail.
The gnoll shouts!
A rat comes into view.
A ball python comes into view.
1804 ||| Stepping ~*~*~tactically~*~*~ (stealth).
You scratch the gnoll.
The gnoll is lightly wounded.
The gnoll hits you with a +0 flail.
You scratch the gnoll.
The gnoll is moderately wounded.
The gnoll closely misses you.
A rat comes into view.
You barely miss the gnoll.
The gnoll is moderately wounded.
The gnoll hits you with a +0 flail!
1811 ||| Stepping ~*~*~tactically~*~*~ (outnumbered).
A gnoll comes into view. It is wielding a +0 spear.
1812 ||| Stepping ~*~*~tactically~*~*~ (stealth).
The gnoll attacks as you move away! The gnoll hits you with a +0 flail!
1813 ||| Stepping ~*~*~tactically~*~*~ (stealth).
The gnoll attacks as you move away! The gnoll barely misses you.
You barely miss the gnoll.
The gnoll is moderately wounded.
The gnoll closely misses you.
1815 ||| Stepping ~*~*~tactically~*~*~ (outnumbered).
The rat twitches its whiskers.
You scratch the gnoll but do no damage.
The gnoll is moderately wounded.
The gnoll hits you with a +0 flail!
You closely miss the gnoll.
The gnoll is moderately wounded.
You barely miss the gnoll.
The gnoll is moderately wounded.
The gnoll hits you with a +0 flail!
You die...

#........
#........
###...$g...
#...#
######r.# .#
#......####..#
#......r....#
#.....#g#####
#.....#@##
#.....>%.#
#.....##.#
#.....##.# ###
#.....##.#
##..
#.....##.#
#<%8
#.....##.##
##..
########..#
### ##.## #


You could see a gnoll and 2 rats.

Vanquished Creatures
  A worm (D:2)
  4 endoplasms
  3 giant cockroaches
  3 goblins (D:1)
  2 hobgoblins (D:1)
  2 quokkas (D:1)
  3 ball pythons
  A bat (D:1)
  A frilled lizard (D:1)
  2 kobolds (D:1)
  4 rats
26 creatures vanquished.

Vanquished Creatures (others)
  7 toadstools (D:2)
7 creatures vanquished.

Grand Total: 33 creatures vanquished

Notes
Turn   | Place    | Note
-------+----------+-------------------------------------------
     0 | D:1      | qw the Ghoul Fire Elementalist began the quest for the Orb.
     0 | D:1      | Reached XP level 1. HP: 14/14 MP: 2/2
     0 | D:1      | 0 ||| qw: Version: 0.1-a-90-g952f4b7
     0 | D:1      | 0 ||| qw: Game counter: 3932
     0 | D:1      | 0 ||| qw: Always use a shield: true
     0 | D:1      | 0 ||| qw: God list: Okawaru
     0 | D:1      | 0 ||| qw: Allow faded altars: false
     0 | D:1      | 0 ||| qw: Do Orc after D:15 true
     0 | D:1      | 0 ||| qw: Do second Lair branch before Depths: true
     0 | D:1      | 0 ||| qw: Lair rune preference: random
     0 | D:1      | 0 ||| qw: Plans: Normal
     0 | D:1      | 0 ||| PLANNING D:1-11
   308 | D:1      | Reached skill level 1 in Unarmed Combat
   419 | D:1      | Reached skill level 1 in Fighting
   419 | D:1      | Reached XP level 2. HP: 23/23 MP: 3/3
   512 | D:1      | 512 ||| Stepping ~*~*~tactically~*~*~ (stealth).
   527 | D:1      | 527 ||| Stepping ~*~*~tactically~*~*~ (stealth).
   586 | D:1      | 586 ||| Stepping ~*~*~tactically~*~*~ (stealth).
   588 | D:1      | 588 ||| Stepping ~*~*~tactically~*~*~ (hiding).
   589 | D:1      | 589 ||| Stepping ~*~*~tactically~*~*~ (hiding).
   637 | D:1      | 637 ||| Stepping ~*~*~tactically~*~*~ (stealth).
   689 | D:1      | 689 ||| Stepping ~*~*~tactically~*~*~ (stealth).
  1408 | D:1      | 1408 ||| UPGRADING to +0 leather armour.
  1418 | D:1      | 1418 ||| DROPPING +0 robe.
  1419 | D:1      | 1419 ||| UPGRADING to amulet of guardian spirit.
  1424 | D:1      | 1424 ||| DROPPING +6 ring of intelligence.
  1425 | D:1      | 1425 ||| READING 2 scrolls labelled ZUERIO PUIFOSO.
  1426 | D:1      | 1426 ||| READING 2 scrolls labelled KAPEF OJIAT.
  1427 | D:1      | 1427 ||| READING scroll labelled KIAJIR YLIN.
  1428 | D:1      | 1428 ||| DRINKING 2 purple potions.
  1529 | D:1      | 1529 ||| DROPPING potion of magic.
  1530 | D:1      | 1530 ||| DROPPING potion of ambrosia.
  1531 | D:1      | 1531 ||| DROPPING scroll of blinking.
  1582 | D:2      | Reached XP level 3. HP: 28/28 MP: 4/4
  1804 | D:2      | 1804 ||| Stepping ~*~*~tactically~*~*~ (stealth).
  1811 | D:2      | 1811 ||| Stepping ~*~*~tactically~*~*~ (outnumbered).
  1812 | D:2      | 1812 ||| Stepping ~*~*~tactically~*~*~ (stealth).
  1813 | D:2      | 1813 ||| Stepping ~*~*~tactically~*~*~ (stealth).
  1815 | D:2      | 1815 ||| Stepping ~*~*~tactically~*~*~ (outnumbered).
  1816 | D:2      | HP: 1/28 [gnoll/+0 flail (8)]
  1818 | D:2      | Mangled by a gnoll

Levels and vault maps discovered:
D:1:      dpeg_arrival_arbitrary_a, layout_basic, minivault_19,
          nrook_loot_triangle, chequers_serial_rivers_micro_d
D:2:      cheibrodos_fertilizer, layout_rooms, grunt_ministairs_4

Skill      XL: |  1  2 |
---------------+-------+-----
Unarmed Combat | 1 2 |  2.7
Fighting       | 1 |  1.0
Dodging        | |  1.7
Stealth        | |  2.1
Spellcasting   | |  1.7
Conjurations   | |  0.7
Fire Magic     | |  2.4

Action                   || total
-------------------------++-------
Melee: Unarmed           ||   106
       Punch             ||     1
  Use: Scroll            ||     3
       Potion            ||     1
 Stab: Sleeping          ||     1
Armor: Robe              ||     6
       Leather armour    ||     4
Dodge: Dodged            ||    55

Table legend:
 A = Non-vault XP
 B = Vault XP
 C = Vault XP percentage of total XP
 D = Non-vault monster count
 E = Vault monster count
 F = Vault count percentage of total count
                 A         B        C        D         E       F
            +---------+---------+-------+---------+---------+-------
      Total |      42 |       2 |   4.5 |      25 |       1 |   3.8
            +---------+---------+-------+---------+---------+-------
        D:1 |      33 |       0 |   0.0 |      21 |       0 |   0.0
        D:2 |       9 |       2 |  18.2 |       4 |       1 |  20.0
            +---------+---------+-------+---------+---------+-------
